 Dungeon Crawl Stone Soup version 0.31-a0-214-gb37851dbb3 (webtiles) character file.

Game seed: 11808315082727122389

329 qw the Shooter (level 6, -4/52 HPs)
             Began as a Minotaur Hexslinger on July 1, 2023.
             Killed from afar by Blork the orc (9 damage)
             ... with a puff of frost
             ... on level 4 of the Dungeon.
             The game lasted 00:01:02 (2581 turns).

qw the Shooter (Minotaur Hexslinger)                Turns: 2581, Time: 00:01:03

Health: -4/52      AC:  5    Str: 13    XL:     6   Next: 25%
Magic:  6/6        EV: 11    Int: 10    God:
Gold:   253        SH:  0    Dex: 14    Spells: 6/7 levels left

rFire   . . .        Y - +1 sling
rCold   . . .        (no shield)
rNeg    . . .        h - +0 ring mail
rPois   .            (helmet restricted)
rElec   .            (no cloak)
rCorr   +            (no gloves)
SInv    .            (no boots)
Will    .....        (no amulet)
Stlth   +            c - ring of resist corrosion
HPRegen 0.28/turn    (no ring)
MPRegen 0.10/turn

%: no passive effects
@: no status effects
A: horns 2, retaliatory headbutt
a: no special abilities


You were on level 4 of the Dungeon.
You visited 1 branch of the dungeon, and saw 4 of its levels.

You collected 253 gold pieces.


Innate Abilities, Weirdness & Mutations

You have a pair of horns on your head.
You reflexively headbutt those who attack you in melee.


   Skills:
 - Level 4.0 Fighting
 + Level 6.2 Ranged Weapons
 - Level 1.0 Armour
 - Level 2.1 Dodging
 - Level 1.0 Spellcasting
 - Level 2.0 Hexes


You had 6 spell levels left.
You knew the following spells:

 Your Spells              Type           Power      Damage    Failure   Level
a - Slow                  Hex            16%        N/A       32%         1

Your spell library contained the following spells:

 Spells                   Type           Power      Damage    Failure   Level
 Inner Flame              Hex/Fire       2%         N/A       82%         3
 Portal Projectile        Hex/Tloc       4%         N/A       82%         3
 Cause Fear               Hex            2%         N/A       97%         4

Inventory:

Hand Weapons
 Y - a +1 sling (weapon)
Armour
 h - a +0 ring mail (worn)
Jewellery
 c - a ring of resist corrosion (left hand)
 l - a ring of protection from fire
Wands
 a - a wand of digging (9)
Scrolls
 d - a scroll of noise {unknown}
 k - a scroll of identify {unknown}
Potions
 b - a potion of enlightenment {unknown}
 e - a potion of curing {unknown}
 f - a potion of heal wounds {unknown}
 g - a potion of berserk rage {unknown}
 i - a potion of might {unknown}
 j - a potion of cancellation {unknown}

Dungeon Overview and Level Annotations

Branches:
Dungeon (4/15)
 Temple: D:4-7

Altars:
Elyvilon
Makhleb

Annotations:
D:3 1 runed translucent door, qw's ghost, amateur GrHs
D:4 Blork the orc


Message History

Blork the orc completely misses you. The adder completely misses you.
Blork the orc closely misses you. The adder bites you but does no damage.
You shoot a sling bullet.
The sling bullet closely misses the adder.
The sling bullet hits Blork the orc.
Blork the orc is heavily wounded.
Blork the orc closely misses you. The adder bites you but does no damage.
Blork the orc screams, "I'll break your legs!"
Blork the orc hits you but does no damage.
You shoot a sling bullet. The sling bullet hits the adder.
The adder is severely wounded.
The adder bites you. Blork the orc barely misses you.
The adder closely misses you.
Blork the orc looks encouraged for a moment.
You shoot a sling bullet.
The sling bullet closely misses the adder.
The sling bullet closely misses Blork the orc.
The adder bites you but does no damage. Blork the orc closely misses you.
The adder bites you but does no damage.
Blork the orc hits you but does no damage.
You shoot a sling bullet. The sling bullet hits the adder.
You kill the adder!
Blork the orc closely misses you.
You shoot a sling bullet. The sling bullet hits Blork the orc.
Blork the orc is heavily wounded.
Blork the orc hits you from afar with a +0 halberd!
Blork the orc barely misses you.
You shoot a sling bullet. The sling bullet hits Blork the orc.
Blork the orc is heavily wounded.
Blork the orc closely misses you. Blork the orc barely misses you.
You shoot a sling bullet. The sling bullet hits Blork the orc.
Blork the orc is severely wounded.
Blork the orc barely misses you.
Blork the orc hits you from afar with a +0 halberd!
You shoot a sling bullet.
The sling bullet barely misses Blork the orc.
Blork the orc hits you from afar with a +0 halberd.
Blork the orc casts a spell at you. The puff of frost hits you!
You die...

###### #....##
# #.....# #.##
#.....# .....
#....#
......##....##
.....o.@.....#
+##
#.....##.....#
..## #....
##.....# ...#
.... #.....##
...# ...
#.....## ...#
.. #......#
#### # #
##%....#
####.##.##.
#..##.....#
......#...>
..#......#


You could see Blork the orc (fast).

Vanquished Creatures
  A black bear (D:4)
  A scorpion (D:4)
  A hound (D:3)
  7 adders
  2 worms
  2 dart slugs
  5 orcs (D:3)
  6 ball pythons
  8 bats
  5 endoplasms
  2 giant cockroaches
  6 goblins
  6 hobgoblins
  4 jackals (D:1)
  2 quokkas
  2 frilled lizards
  7 kobolds
  8 rats
75 creatures vanquished.

Notes
Turn   | Place    | Note
-------+----------+-------------------------------------------
     0 | D:1      | qw the Minotaur Hexslinger began the quest for the Orb.
     0 | D:1      | Reached XP level 1. HP: 16/16 MP: 1/1
     0 | D:1      | 0 ||| qw: Version: 0.3-a-32-g5962c71
     0 | D:1      | 0 ||| qw: Game counter: 7493
     0 | D:1      | 0 ||| qw: Melee chars always use a shield: true
     0 | D:1      | 0 ||| qw: God list: Okawaru
     0 | D:1      | 0 ||| qw: Allow faded altars: false
     0 | D:1      | 0 ||| qw: Do Orc after clearing Dungeon:15 true
     0 | D:1      | 0 ||| qw: Do second Lair branch before Depths: true
     0 | D:1      | 0 ||| qw: Lair rune preference: random
     0 | D:1      | 0 ||| qw: Goals: Normal
     0 | D:1      | 0 ||| PLANNING D:1-11
   112 | D:1      | Reached skill level 3 in Ranged Weapons
   114 | D:1      | Reached XP level 2. HP: 19/23 MP: 2/2
   450 | D:1      | Reached XP level 3. HP: 27/29 MP: 3/3
   740 | D:1      | 740 ||| UPGRADING to +0 leather armour.
   750 | D:1      | 750 ||| DROPPING +0 robe.
   751 | D:1      | 751 ||| UPGRADING to +0 ring mail.
   761 | D:1      | 761 ||| DROPPING +0 leather armour.
   762 | D:1      | 762 ||| DROPPING scarf of shadows.
   763 | D:1      | 763 ||| READING scroll labelled AHA YTIKOMM.
   764 | D:1      | 764 ||| DROPPING scroll of poison.
   838 | D:2      | Found a faded altar of an unknown god.
   864 | D:2      | Reached skill level 4 in Ranged Weapons
  1171 | D:2      | Reached skill level 1 in Armour
  1201 | D:2      | HP: 7/29 [poisoned by an adder]
  1325 | D:2      | Reached XP level 4. HP: 35/36 MP: 4/4
  1590 | D:3      | Reached skill level 5 in Ranged Weapons
  1619 | D:3      | 1619 ||| FLEEEEING.
  1684 | D:3      | Reached XP level 5. HP: 44/44 MP: 5/5
  1701 | D:3      | Reached skill level 3 in Fighting
  1709 | D:3      | Found a runed translucent door.
  1709 | D:3      | Noticed qw's ghost (amateur GrHs)
  1879 | D:3      | Found a burning altar of Makhleb.
  1947 | D:3      | 1947 ||| UPGRADING to ring of resist corrosion.
  1948 | D:3      | 1948 ||| READING scroll labelled UHAIHU KAVIS.
  2039 | D:4      | Found a white marble altar of Elyvilon.
  2039 | D:4      | Noticed a black bear
  2056 | D:4      | Killed a black bear
  2057 | D:4      | Reached skill level 6 in Ranged Weapons
  2438 | D:4      | Reached XP level 6. HP: 19/52 MP: 6/6
  2564 | D:4      | Noticed Blork the orc
  2580 | D:4      | HP: 7/52 [Blork the orc/+0 halberd (7)]
  2581 | D:4      | Killed from afar by Blork the orc

Levels and vault maps discovered:
D:1:      minmay_arrival_doors, layout_basic
D:2:      layout_basic, serial_corexii_hall, corexii_hall_statues_x,
          chequers_hall_statues_corner_a, ebering_ecumenical_altar_sacrificial,
          minmay_cut_off
D:3:      layout_basic, lightli_temple_of_fire, gammafunk_ghost_grave
D:4:      layout_gridville, elyvilon_altar_3, st_stairs_12, uniq_blork_the_orc

Skill      XL: |  1  2  3  4  5 |
---------------+----------------+-----
Ranged Weapons | 3 4 5 6 |  6.2
Fighting       | 2 4 |  4.0
Armour         | 1 |  1.0
Dodging        | |  2.1
Spellcasting   | |  1.0
Hexes          | |  2.0

Action                     |  1- 3 |  4- 6 || total
---------------------------+-------+-------++-------
   Fire: Sling             |   137 |   134 ||   271
    Use: Scroll            |     1 |     1 ||     2
 Armour: Robe              |     9 |       ||     9
         Ring mail         |    22 |    34 ||    56
  Dodge: Dodged            |    54 |    60 ||   114

Table legend:
 A = Non-vault XP
 B = Vault XP
 C = Vault XP percentage of total XP
 D = Non-vault monster count
 E = Vault monster count
 F = Vault count percentage of total count
                 A         B        C        D         E       F
            +---------+---------+-------+---------+---------+-------
      Total |     452 |      18 |   3.8 |      71 |       4 |   5.3
            +---------+---------+-------+---------+---------+-------
        D:1 |      48 |       0 |   0.0 |      28 |       0 |   0.0
        D:2 |      45 |      16 |  26.2 |      11 |       3 |  21.4
        D:3 |     113 |       0 |   0.0 |      22 |       0 |   0.0
        D:4 |     246 |       2 |   0.8 |      10 |       1 |   9.1
            +---------+---------+-------+---------+---------+-------
